 Dungeon Crawl Stone Soup version 0.29-a0-422-gafbd6decc1 (webtiles) character file.

Game seed: 13711800913875861195

25 xian the Conjurer (level 2, -1/20 HPs)
             Began as a Draconian Conjurer on May 19, 2022.
             Slain by a jackal (3 damage)
             ... on level 2 of the Dungeon.
             The game lasted 00:02:09 (1288 turns).

xian the Conjurer (Draconian Conjurer)              Turns: 1288, Time: 00:02:09

Health: -1/20      AC:  4    Str:  9    XL:     2   Next: 86%
Magic:  1/5        EV: 12    Int: 18    God:
Gold:   101        SH:  0    Dex: 15    Spells: 4/5 levels left

rFire   . . .      SeeInvis .   e - +0 dagger
rCold   . . .      Faith    .   (no shield)
rNeg    . . .      Spirit   .   (body armour unavailable)
rPois   .          Reflect  .   (helmet restricted)
rElec   .          Harm     .   (no cloak)
rCorr   .          Rampage  .   (no gloves)
Will    .....                   (no boots)
Stlth   ++........              (no amulet)
HPRegen 0.06/turn               d - +6 ring of dexterity
MPRegen 0.09/turn               (no ring)

@: slowed, very slow
A: AC +4, unfitting armour, cold-blooded
a: no special abilities


You were on level 2 of the Dungeon.
You visited 1 branch of the dungeon, and saw 2 of its levels.

You collected 101 gold pieces.

Inventory:

Hand Weapons
 e - a +0 dagger (weapon)
Jewellery
 d - a +6 ring of dexterity (left hand)
Scrolls
 f - a scroll of noise {unknown}
 h - a scroll of acquirement {unknown}
 i - a scroll of blinking {unknown}
Potions
 a - a potion of magic
 b - a potion of cancellation {unknown}
 c - a potion of curing {unknown}
 g - a potion of flight {unknown}
 j - a potion of brilliance {unknown}


   Skills:
 + Level 1.8 Dodging
 + Level 2.0 Stealth
 + Level 2.1 Spellcasting
 + Level 4.6 Conjurations


You had 4 spell levels left.
You knew the following spells:

 Your Spells              Type           Power      Damage    Failure   Level
a - Magic Dart            Conj           72%        1d6       2%          1

Your spell library contained the following spells:

 Spells                   Type           Power      Damage    Failure   Level
 Searing Ray              Conj           36%        2d5       4%          2
 Dazzling Flash           Conj/Hex       20%        N/A       21%         3
 Fulminant Prism          Conj/Hex       5%         3d7       56%         4
 Iskenderun's Mystic Bla  Conj/Tloc      10%        2d4       56%         4


Dungeon Overview and Level Annotations

Branches:
Dungeon (2/15)

Altars:


Innate Abilities, Weirdness & Mutations

Your plain brown scales are hard. (AC +4)
You cannot fit into any form of body armour.
You are cold-blooded and may be slowed by cold attacks.


Message History

The jackal barely misses you.
Your Stealth skill increases to level 2!
You are too depleted to draw on your mana recklessly!
You are too depleted to draw on your mana recklessly!
You are too depleted to draw on your mana recklessly!
You hit the ball python.
The ball python is severely wounded.
The ball python barely misses you. The ball python grabs you.
The ball python constricts you.
The jackal bites you but does no damage.
The endoplasm freezes you.
You are frozen.
You feel yourself slow down.
You barely miss the ball python.
The ball python is severely wounded.
The jackal closely misses you.
The ball python bites you but does no damage.
The ball python constricts you.
The jackal bites you but does no damage.
The ball python bites you. The ball python constricts you.
The endoplasm hits you but does no damage.
You hit the ball python.
You kill the ball python!
You feel yourself speed up.
The jackal bites you but does no damage.
The endoplasm freezes you.
You are frozen.
You feel yourself slow down.
The jackal bites you but does no damage.
The endoplasm hits you.
You barely miss the jackal. The jackal bites you. The jackal barely misses you.
The endoplasm freezes you.
You are frozen.
* * * LOW HITPOINT WARNING * * *
You feel as though you will be slow longer.
The jackal closely misses you. The jackal bites you.
* * * LOW HITPOINT WARNING * * *
The endoplasm misses you. The jackal closely misses you.
The jackal attacks as you move away! The jackal barely misses you.
The jackal bites you.
You die...

#..S..# #.....##
#....... #.....#
#.....#. ##.<.....
#########.......#
#######J..†)..!...###..
#.....@h.†.............
...#####.........#.#..##
#.............##
#............##
######....##.# #...## .#
..#.# #


You could see an endoplasm and a jackal.

Vanquished Creatures
  A bat (D:1)
  2 endoplasms (D:1)
  A giant cockroach (D:1)
  3 goblins (D:1)
  3 jackals (D:2)
  3 kobolds (D:1)
  3 quokkas (D:1)
  2 ball pythons
  2 frilled lizards (D:1)
  2 rats (D:1)
22 creatures vanquished.

Notes
Turn   | Place    | Note
-------+----------+-------------------------------------------
     0 | D:1      | xian the Draconian Conjurer began the quest for the Orb.
     0 | D:1      | Reached XP level 1. HP: 14/14 MP: 3/3
   130 | D:1      | Found a faded altar of an unknown god.
   345 | D:1      | Reached XP level 2. HP: 20/20 MP: 1/5
  1286 | D:2      | HP: 1/20 [jackal (2)]
  1288 | D:2      | Slain by a jackal

Illustrated notes

Levels and vault maps discovered:
D:1:      roderic_octagonal_star, layout_basic,
          hellmonk_ecumenical_altar_pennies_from_heaven
D:2:      layout_rooms, basic_altar

Skill      XL: |  1  2 |
---------------+-------+-----
Stealth        | 2 |  2.0
Dodging        | |  1.8
Spellcasting   | |  2.1
Conjurations   | |  4.6

Action                   || total
-------------------------++-------
Melee: Unarmed           ||    27
       Dagger            ||     4
       Tailslap          ||     4
       Punch             ||     2
 Cast: Magic Dart        ||    37
Armor: Skin              ||    19
Dodge: Dodged            ||    43

Table legend: (Time is in decaauts)
 A = Elapsed time spent in this place.
 B = Non-inter-level travel time spent in this place.
 C = Inter-level travel time spent in this place.
 D = Time resting spent in this place.
 E = Time spent auto-exploring this place.
 F = Levels seen in this place.
 G = Mean time per level.
                   A        B        C        D        E       F      G
               +--------+--------+--------+--------+--------+-----+--------+
         Total |   1292 |   1271 |     21 |      0 |   1109 |   2 |  646.0 |
       Dungeon |   1292 |   1271 |     21 |      0 |   1109 |   2 |  646.0 |
               +--------+--------+--------+--------+--------+-----+--------+

Top non-repeatable levels by time:
     D:1: 1270 daAuts
     D:2: 22 daAuts
